 Dungeon Crawl Stone Soup version 0.26-a0-597-gb535b0901c (webtiles) character file.

Game seed: 14928322636030076533

556935 Alarkh the Brawler (level 25, -3/256 HPs)
             Began as a Demonspawn Gladiator on Sept 12, 2020.
             Was a Priest of Uskayaw.
             Slain by a hell beast (8 damage)
             ... summoned by Geryon
             ... in the Vestibule of Hell on Sept 13, 2020.
             The game lasted 02:19:19 (50765 turns).

Alarkh the Brawler (Demonspawn Gladiator)          Turns: 50765, Time: 02:19:20

Health: -3/256     AC: 31    Str: 25    XL:     25   Next: 22%
Magic:  41/41      EV: 24    Int: 15    God:    Uskayaw [***...]
Gold:   7675       SH: 17    Dex: 13    Spells: 42/53 levels left

rFire    + + +     SeeInvis +     - Unarmed
rCold    + + +     Faith    .   e - +3 kite shield of the Thirteen Knives {rElec rF++ rC+ Dex-5}
rNeg     + + +     Spirit   .   (armour currently unavailable)
rPois    ∞         Reflect  .   D - +2 helmet {SInv}
rElec    +         Harm     .   y - +2 cloak {rPois}
rCorr    .                      (gloves currently unavailable)
MR       +++..                  (boots unavailable)
Stlth    ++++......             L - amulet of regeneration
HPRegen  4.92/turn              I - ring of Omyluxku {rN+ MR+ Str+4 Dex+4}
MPRegen  0.27/turn              w - ring "Meafaf" {rN+ MR+ Str+3}

@: mighty, agile, statue-form, corroded, studying Summonings, very slow
A: fangs 1, hooves 3, icy blue scales 3, cold resistance 1, dopey 1, fire
resistance 1, powered by death 3, powered by pain 2, weak 1, augmentation 2
}: 3/15 runes: decaying, silver, gossamer
a: End Transformation, Stomp, Line Pass, Renounce Religion


You were in the Vestibule of Hell.
You worshipped Uskayaw.
Uskayaw was most pleased with you.
You were a stone statue.
You visited 11 branches of the dungeon, and saw 46 of its levels.
You visited the Abyss 1 time.
You visited 1 bazaar.
You also visited: Bailey, Gauntlet and Wizlab.

You collected 10007 gold pieces.
You spent 2332 gold pieces at shops.

Inventory:

Hand Weapons
 p - the +6 Majin-Bo {vamp, MP+6 Int+6}
   (You took it off a Hellbinder in a wizard's laboratory)

   It inflicts no extra harm, but heals its wielder when it wounds a living foe.
   It affects your intelligence (+6).
   It affects your magic capacity (+6).
Missiles
 c - 9 throwing nets (quivered)
Armour
 b - a +2 pair of gloves (melded)
 e - the +3 kite shield of the Thirteen Knives (worn) {rElec rF++ rC+ Dex-5}
   (You took it off Donald on level 1 of the Elven Halls)

   It affects your dexterity (-5).
   It greatly protects you from fire.
   It protects you from cold.
   It insulates you from electricity.
 y - a +2 cloak of poison resistance (worn)
 A - the +6 faerie dragon scales (melded) {rF++ rCorr HP-3 Str+3}
   (You took it off the Enchantress on level 1 of the Depths)

   It affects your strength (+3).
   It greatly protects you from fire.
   It affects your health (-3).
   It provides partial protection from all sources of acid and corrosion.
 D - a +2 helmet of see invisible (worn)
 K - the +6 scale mail of the Solstice {+Blink Slay+2}
   (You found it on level 1 of the Vaults)

   It affects your accuracy and damage with ranged weapons and melee attacks
   (+2).
   It lets you blink.
Jewellery
 a - the ring of Reimbursement {MP+9 Stlth+}
   (You found it in a wizard's laboratory)

   [ring of stealth]

   It affects your magic capacity (+9).
   It makes you more stealthy.
 f - an uncursed ring of flight
 w - the ring "Meafaf" (right hand) {rN+ MR+ Str+3}
   (You found it on level 3 of the Crypt)

   [ring of positive energy]

   It affects your strength (+3).
   It protects you from negative energy.
   It affects your resistance to hostile enchantments.
 I - the ring of Omyluxku (left hand) {rN+ MR+ Str+4 Dex+4}
   (You took it off a deep elf death mage on level 3 of the Elven Halls)

   [ring of positive energy]

   It affects your strength (+4).
   It affects your dexterity (+4).
   It protects you from negative energy.
   It affects your resistance to hostile enchantments.
 L - an amulet of regeneration (around neck)
Wands
 j - a wand of paralysis (51)
 q - a wand of random effects (25)
 C - a wand of digging (6)
 G - a wand of polymorph (28)
 M - a wand of iceblast (34)
 N - a wand of flame (52)
 P - a wand of disintegration (46)
 X - a wand of acid (41)
Scrolls
 g - 4 scrolls of magic mapping
 m - 9 scrolls of fear
 r - 4 scrolls of identify
 s - 7 scrolls of teleportation
 u - 6 scrolls of amnesia
 v - 9 scrolls of blinking
 x - 3 scrolls of fog
 E - a scroll of enchant weapon
 J - 38 scrolls of remove curse
 Y - 3 scrolls of summoning
Potions
 d - 2 potions of invisibility
 h - 2 potions of brilliance
 i - 13 potions of heal wounds
 k - 3 potions of mutation
 n - a potion of resistance
 o - 3 potions of haste
 t - 14 potions of curing
 z - 7 potions of magic
 H - 2 potions of might
 Q - 11 potions of flight
 T - 5 potions of lignification
 U - 3 potions of berserk rage
Books
 l - a manual of Summonings
 B - a manual of Summonings
Miscellaneous
 W - a phantom mirror


   Skills:
 - Level 16.2 Fighting
 - Level 2.0 Throwing
 - Level 10.9 Armour
 - Level 11.3 Dodging
 - Level 9.7 Stealth
 - Level 15.0 Shields
 - Level 20.3 Unarmed Combat
 + Level 14.6 Spellcasting
 + Level 14.6 Transmutations
 * Level 10.8 Earth Magic
 - Level 17.1 Invocations


You had 42 spell levels left.
You knew the following spells:

 Your Spells              Type           Power        Failure   Level
a - Statue Form           Tmut/Erth      #####....    4%          6
b - Blade Hands           Tmut           ######....   1%          5

Your spell library contained the following spells:

 Spells                   Type           Power        Failure   Level
 Beastly Appendage        Tmut           ######       0%          1
 Passwall                 Tmut/Erth      #####...     1%          2
 Wereblood                Tmut           ######..     1%          2
 Spider Form              Tmut/Pois      ####......   1%          3
 Stone Arrow              Conj/Erth      ####..       1%          3
 Lee's Rapid Deconstruct  Erth           #####.....   1%          5
 Hydra Form               Tmut           ######....   2%          6
 Ice Form                 Ice/Tmut       ####....     3%          4
 Animate Skeleton         Necr           ##....       6%          1
 Apportation              Tloc           ##....       6%          1
 Corona                   Hex            ##.....      6%          1
 Foxfire                  Conj/Fire      ##..         6%          1
 Freeze                   Ice            ##..         6%          1
 Magic Dart               Conj           ##..         6%          1
 Pain                     Necr           ##..         6%          1
 Summon Small Mammal      Summ           ##..         6%          1
 Leda's Liquefaction      Hex/Erth       ####......   6%          4
 Alistair's Intoxication  Tmut/Pois      ####.....    9%          5
 Yara's Violent Unravell  Hex/Tmut       ####......   9%          5
 Corpse Rot               Necr/Air       N/A          10%         2
 Ensorcelled Hibernation  Hex/Ice        ##....       10%         2
 Searing Ray              Conj           ##....       10%         2
 Sublimation of Blood     Necr           ##........   10%         2
 Swiftness                Air            ##......     10%         2
 Call Canine Familiar     Summ           ##......     19%         3
 Confusing Touch          Hex            ##......     19%         3
 Conjure Flame            Conj/Fire      ##......     19%         3
 Dazzling Flash           Conj/Hex       ##....       19%         3
 Frozen Ramparts          Ice            ##....       19%         3
 Inner Flame              Hex/Fire       ##......     19%         3
 Lesser Beckoning         Tloc           ##........   19%         3
 Mephitic Cloud           Conj/Pois/Air  ##......     19%         3
 Ozocubu's Armour         Ice            ##......     19%         3
 Summon Guardian Golem    Hex/Summ       ##......     19%         3
 Tukima's Dance           Hex            ##......     19%         3
 Vampiric Draining        Necr           ##........   19%         3
 Borgnjor's Vile Clutch   Necr/Erth      ####......   19%         5
 Bolt of Magma            Conj/Fire/Erth ###.......   36%         5
 Eringya's Noxious Bog    Tmut/Pois      ####......   41%         6
 Airstrike                Air            ##........   52%         4
 Animate Dead             Necr           ##........   52%         4
 Cause Fear               Hex            ##........   52%         4
 Dispel Undead            Necr           ##......     52%         4
 Fulminant Prism          Conj/Hex       ##........   52%         4
 Hailstorm                Conj/Ice       ##......     52%         4
 Iskenderun's Mystic Bla  Conj/Tloc      ##......     52%         4
 Passage of Golubria      Tloc           N/A          52%         4
 Sticky Flame             Conj/Fire      ##......     52%         4
 Summon Ice Beast         Ice/Summ       ##......     52%         4
 Summon Lightning Spire   Summ/Air       ##......     52%         4
 Iron Shot                Conj/Erth      ####......   69%         6
 Agony                    Necr           ##......     86%         5
 Excruciating Wounds      Necr           ##........   86%         5
 Fireball                 Conj/Fire      ##........   86%         5
 Silence                  Hex/Air        ##........   86%         5
 Summon Demon             Summ           ##........   86%         5
 Summon Forest            Summ/Tloc      ##........   86%         5
 Conjure Ball Lightning   Conj/Air       ##........   100%        6
 Death Channel            Necr           ##........   100%        6
 Freezing Cloud           Conj/Ice/Air   ##........   100%        6
 Invisibility             Hex            ##......     100%        6
 Simulacrum               Ice/Necr       ##........   100%        6
 Summon Hydra             Summ           ##........   100%        7
 Chain Lightning          Conj/Air       ##........   100%        8
 Discord                  Hex            ##........   100%        8
 Lehudib's Crystal Spear  Conj/Erth      ####......   100%        8
 Absolute Zero            Ice            ##........   100%        9
 Fire Storm               Conj/Fire      ##........   100%        9
 Shatter                  Erth           #####.....   100%        9
 Tornado                  Air            ##........   100%        9


Dungeon Overview and Level Annotations

Branches:
Dungeon (15/15)            Temple (1/1) D:4            Lair (6/6) D:11
  Swamp (4/4) Lair:4       Spider (4/4) Lair:2        Slime (0/5) Lair:5
    Orc (2/2) D:12            Elf (3/3) Orc:2        Vaults (5/5) D:14
  Crypt (3/3) Vaults:3       Tomb (0/3) Crypt:3      Depths (2/5) D:15
   Hell (1/1)              Bailey (visited)          WizLab (visited)
Gauntlet (visited)
    Dis: Hell:1         Geh: Hell:1         Coc: Hell:1         Tar: Hell:1

Altars:
Ashenzari
Cheibriados
Dithmenos
Elyvilon
Fedhas
Gozag
Hepliaklqana
Kikubaaqudgha
Makhleb
Nemelex Xobeh
Okawaru
Qazlal
Ru
Sif Muna
Trog
Uskayaw
Vehumet
Wu Jian
Xom
Yredelemnul
Zin
The Shining One
Beogh

Shops:
D:6 :   D:8 (   D:13 =(}   Orc:2 [![}(   Elf:1 }   Vaults:1 }   Vaults:3 ?
Vaults:5 **   Depths:1 }}=[((*

Portals:
Hell: Depths:1 Depths:2
Abyss: D:11
Ziggurat: Depths:1

Annotations:
Elf:3 2 transporters, Ruet's ghost, adept CeHu
Crypt:3 Khufu
Hell Geryon


Innate Abilities, Weirdness & Mutations

You have hooves in place of feet.
(You are completely covered in icy blue scales. (AC +4, rC+))
You regenerate a lot of health from kills.
You sometimes gain power by taking damage.
Your magical and physical power is enhanced at high health.
You have very sharp teeth.
Your flesh is cold resistant. (rC+)
You are dopey. (Int -2)
Your flesh is heat resistant. (rF+)
You are weak. (Str -2)


Message History

The red devil is no longer sharing its pain.
The hell beast closely misses you. You block the hell beast's attack.
The hell beast misses you.
The hell beast tramples you but does no damage.
The red devil completely misses you.
The reaper hits you from afar with a +2 scythe of flaming!!
* * * LOW HITPOINT WARNING * * *
You focus on the pain.
You feel more agile all of a sudden. The reaper burns you.
* * * LOW HITPOINT WARNING * * *
The reaper hits you but does no damage. You block the red devil's attack.
The hell beast barely misses you. The hell beast closely misses you.
You block the soul eater's attack.
The soul eater hits you but does no damage.
The hell beast closely misses you. The hell beast barely misses you.
You block the reaper's attack. You block Geryon's attack.
You block the orange demon's attack. The soul eater closely misses you.
The hell beast bites you!
You die...

.................
..................
...........)......
..........∩.......
..................
......).2...s.....
......2&42...^....
.....)3224........
......38344.......
......2244........
..E.....22........
○☼..............
.°..............
............4...
................
................


You could see Geryon (pain bonded), 6 hell beasts, 3 reapers, 3 soul eaters, a
demonic crawler, an orange demon (pain bonded), 3 rust devils, a fire elemental
and 3 red devils.

Vanquished Creatures
  3 ancient liches
  Mara (Vaults:5)
  4 greater mummies
  Boris (Vaults:5)
  Frederick (Vaults:3)
  2 golden dragons (Vaults:5)
  Jory (Crypt:2)
  Arachne (Spider:3)
  A Hellbinder (WizLab)
  the Enchantress (Depths:1)
  3 tentacled monstrosities (Vaults:5)
  2 deep elf master archers (Elf:3)
  2 deep elf blademasters (Elf:3)
  3 quicksilver dragons (Vaults:5)
  3 liches
  6 titans
  4 sphinxes
  A thorn hunter (Swamp:4)
  4 ancient champions
  Donald (Elf:1)
  4 shadow dragons
  Kirke (Spider:4)
  2 revenants
  4 tengu reavers
  8 frost giants
  A storm dragon (Vaults:4)
  An orc warlord (Vaults:5)
  12 vault wardens
  A cacodemon (Hell)
  3 ghost moths (Spider:4)
  The ghost of Murorgh the Severer, a journeyman DDFi of Makhleb (D:15)
  7 deep elf sorcerers
  Louise (Swamp:3)
  9 emperor scorpions
  8 fire giants
  5 curse skulls
  7 deep elf elementalists
  3 balrugs
  6 ghouls
  12 ironheart preservers
  5 reapers
  3 spriggan defenders (Depths:1)
  A war gargoyle (Vaults:5)
  A hydra skeleton (Swamp:4)
  4 very ugly things
  8 entropy weavers
  14 stone giants
  A blood saint (WizLab)
  An ophan (Abyss:2)
  The ghost of Taerut Lebb the Severer, a journeyman DDFi of Yredelemnul (Spider:1)
  12 deep elf demonologists
  5 vampire knights
  A dire elephant (Gauntlet)
  Azrael (Elf:2)
  9 deep elf annihilators
  2 lorocyprocas (Depths:1)
  Snorg (D:11)
  A minotaur (Gauntlet)
  3 spark wasps
  A quicksilver dragon zombie (Crypt:1)
  14 eidola
  10 deep elf death magi
  3 large abominations
  7 fire dragons
  3 blizzard demons (WizLab)
  7 ettins
  3 mummy priests
  Harold (D:7)
  7 yaktaur captains
  2 green deaths (WizLab)
  Josephine (Lair:5)
  2 quicksilver dragon skeletons
  5 deep elf high priests
  9 jiangshi
  A great orb of eyes (Vaults:3)
  8 ice dragons
  20 hydras
  The ghost of Apogee the Cleaver, a journeyman HuBe of Trog (D:11)
  36 vault guards
  8 shambling mangroves
  2 spriggan air magi (Depths:1)
  6 rakshasas
  Erica (Orc:1)
  9 centaur warriors
  4 ghost crabs
  2 catoblepae
  31 two-headed ogres
  9 alligators
  23 dancing weapons
  7 death knights
  4 deep troll shamans
  A tengu warrior (Depths:2)
  4 deep troll earth magi
  10 ogre magi
  A queen ant (Lair:6)
  5 death yaks (Lair:5)
  2 thrashing horrors
  4 vampire magi
  A spriggan berserker (Depths:1)
  9 soul eaters
  27 deep elf knights
  A storm dragon zombie (Crypt:3)
  7 sun demons
  2 hell knights
  An iron troll (Depths:1)
  A fire crab (shapeshifter) (Vaults:1)
  3 titan skeletons
  A titan zombie (Crypt:3)
  19 skeletal warriors
  A golden dragon zombie (Crypt:1)
  A ghost moth zombie (Crypt:1)
  2 sixfirhies
  A shadow wraith (Vaults:1)
  5 flayed ghosts
  4 shadow demons
  3 unseen horrors
  18 deep elf archers
  3 wizards
  3 anaconda zombies
  2 glowing orange brains
  8 deep trolls
  A glowing orange brain (shapeshifter) (Vaults:5)
  6 swamp dragons
  5 spectral hydras (Swamp:4)
  4 spriggan druids
  18 phantasmal warriors
  21 harpies (Vaults:4)
  A lindwurm (Lair:6)
  68 deep elf magi
  14 ironbrand convokers
  Pikel (D:7)
  A fire giant zombie (Crypt:3)
  3 orc sorcerers
  20 necromancers
  A wolf spider zombie (Crypt:3)
  38 ugly things
  38 wolf spiders
  2 iron dragon zombies (Crypt:3)
  23 orb spiders
  2 orb spiders (shapeshifter)
  A stone giant zombie (Vaults:4)
  4 manticores
  14 orc knights
  5 cyclopes
  A frost giant zombie (Vaults:2)
  An iron dragon skeleton (Crypt:3)
  7 oklob plants
  An elephant (Gauntlet)
  3 stone giant skeletons
  A frost giant skeleton (Depths:1)
  2 moths of wrath
  2 rust devils
  2 dire elephant zombies (Crypt:3)
  6 black mambas
  3 fire giant skeletons
  4 smoke demons
  14 vault sentinels
  4 orange demons
  20 cane toads
  A titan simulacrum (Crypt:1)
  A gargoyle (D:14)
  2 molten gargoyles (Lair:6)
  A shock serpent skeleton (Crypt:3)
  Maggie (D:7)
  2 torpor snails
  A dire elephant skeleton (Crypt:3)
  20 demonic crawlers
  A black draconian zombie (Crypt:1)
  12 komodo dragons
  17 freezing wraiths
  3 rime drakes
  An ancient zyme (Abyss:2)
  38 yaktaurs
  2 efreet
  A catoblepas zombie (Crypt:1)
  2 hellions (WizLab)
  An emperor scorpion zombie (Crypt:3)
  An alligator snapping turtle skeleton (Crypt:1)
  A human skeleton (Vaults:2)
  2 guardian mummies (Crypt:3)
  2 harpy zombies (Crypt:3)
  2 ice devils (WizLab)
  A tormentor (WizLab)
  2 yaktaur skeletons
  A tengu simulacrum (Vaults:4)
  2 hydra zombies (Crypt:3)
  7 trolls
  A grey draconian skeleton (Crypt:1)
  13 hellwings (Crypt:3)
  A meliai (shapeshifter) (Vaults:2)
  A polar bear (Lair:6)
  2 queen bees
  9 meliai
  2 death drake zombies (Swamp:4)
  6 blink frogs
  39 jumping spiders
  A troll (shapeshifter) (Vaults:3)
  10 tyrant leeches
  A harpy skeleton (Crypt:3)
  A fire dragon zombie (Crypt:3)
  10 bog bodies
  An ice dragon zombie (Crypt:1)
  11 hippogriffs
  28 hornets
  9 slime creatures
  A frost giant simulacrum (Crypt:1)
  2 ettin zombies
  3 fire dragon skeletons
  2 shadows
  89 redbacks
  6 water elementals
  6 air elementals
  19 flying skulls (Crypt:1)
  An alligator skeleton (Crypt:2)
  A spriggan (shapeshifter) (Vaults:1)
  2 starcursed masses (Abyss:2)
  3 wyverns
  20 yaks
  3 ynoxinuls
  An ushabti (Crypt:3)
  9 spriggans
  A black mamba zombie (Crypt:3)
  33 tarantellas
  8 basilisks
  A black mamba skeleton (Crypt:3)
  2 fire bats (Abyss:2)
  14 wraiths
  3 vampires
  16 vampire mosquitoes
  3 chaos spawn (WizLab)
  9 fire elementals
  4 human simulacra
  28 soldier ants
  4 wargs
  Edmund (D:6)
  A faun zombie (Crypt:1)
  A hydra simulacrum (Swamp:4)
  19 water moccasins
  19 swamp worms
  12 insubstantial wisps
  7 swamp drakes
  6 porcupines
  Duvessa (D:5)
  10 hell hounds
  5 sky beasts
  57 orc warriors
  A floating eye (Depths:1)
  5 necrophages
  3 swamp dragon zombies (Swamp:4)
  6 ice beasts
  3 phantoms
  A sky beast (shapeshifter) (Vaults:1)
  A spriggan simulacrum (Depths:1)
  38 ogres
  An eye of draining (shapeshifter) (Vaults:2)
  An elf zombie (Vaults:1)
  An eye of draining (D:11)
  5 swamp dragon skeletons
  11 wolves
  A boggart (Vaults:3)
  25 centaurs
  A snapping turtle skeleton (Crypt:3)
  A manticore skeleton (Crypt:3)
  16 crocodiles
  A lemure (D:7)
  3 big kobolds
  A human zombie (Vaults:2)
  3 earth elementals
  19 bullfrogs
  An elf skeleton (Crypt:2)
  A deep troll simulacrum (Vaults:4)
  A water moccasin zombie (D:8)
  A palentonga skeleton (Crypt:2)
  3 scorpions
  2 small abominations
  Dowan (D:5)
  7 wyvern skeletons
  37 killer bees
  2 vampire bats (D:4)
  16 wights
  4 electric eels
  6 howler monkeys
  5 centaur zombies
  5 lava snakes (Lair:6)
  An elf simulacrum (Crypt:1)
  2 yaktaur simulacra
  2 bullfrog zombies
  3 jellies
  9 centaur skeletons
  6 hounds
  14 orc priests
  19 orc wizards
  2 bullfrog skeletons
  A black bear skeleton (Crypt:1)
  5 iguanas
  21 worker ants
  An acid dragon zombie (Crypt:2)
  A demigod skeleton (Crypt:2)
  A crocodile skeleton (Crypt:2)
  A howler monkey zombie (D:7)
  2 worker ant zombies
  4 gnolls (Orc:2)
  10 adders
  4 shadow imps
  3 white imps
  3 ufetubi
  An ooze (D:4)
  A worm zombie (Crypt:1)
  2 adder zombies
  2 adder skeletons
  5 worms
  9 dart slugs
  6 leopard geckos
  96 orcs
  2 ball pythons (D:3)
  6 bats
  3 bat skeletons (D:4)
  5 bat zombies
  8 giant cockroaches
  4 goblins
  5 hobgoblins
  3 jackals (D:5)
  3 quokkas
  5 frilled lizards
  2 jackal skeletons
  23 kobolds
  2 kobold skeletons (Crypt:2)
  A quokka skeleton (D:6)
  A quokka zombie (D:8)
  9 rats
  A briar patch (Swamp:4)
  A bush (Lair:5)
  4 crawling corpses
  2 withered plants (Crypt:3)
2248 creatures vanquished.

Vanquished Creatures (others)
  A vault warden (Vaults:5)
  A death knight (D:15)
  A deep elf knight (Elf:3)
  2 deep elf magi (Elf:3)
  A kobold demonologist (Depths:1)
  A freezing wraith (Vaults:5)
  A shadow (D:15)
  3 humans (Spider:4)
  A hell hound (Lair:6)
  2 centaurs
  A jelly (D:15)
  An orc (Vaults:5)
  A leopard gecko zombie (D:6)
  3 briar patches (Swamp:4)
  20 fungi
  52 plants
  22 withered plants (Crypt:3)
114 creatures vanquished.

Grand Total: 2362 creatures vanquished

Notes
Turn   | Place    | Note
-------+----------+-------------------------------------------
     0 | D:1      | Alarkh the Demonspawn Gladiator began the quest for the
                  | Orb.
     0 | D:1      | Reached XP level 1. HP: 16/16 MP: 1/1
   211 | D:1      | Reached skill level 3 in Unarmed Combat
   546 | D:1      | Gained mutation: You regenerate a little health from kills.
                  | [demonic ancestry]
   546 | D:1      | Reached XP level 2. HP: 22/22 MP: 2/2
  1358 | D:2      | Gained mutation: You have large cloven feet. [demonic
                  | ancestry]
  1358 | D:2      | Reached XP level 3. HP: 27/27 MP: 3/3
  1625 | D:2      | Found a shadowy altar of Dithmenos.
  1764 | D:2      | Found a sacrificial altar of Ru.
  1882 | D:2      | Gained mutation: You are weak. (Str -2) [potion of
                  | mutation]
  1882 | D:2      | Gained mutation: Your flesh is heat resistant. (rF+)
                  | [potion of mutation]
  1882 | D:2      | Gained mutation: You have very sharp teeth. [potion of
                  | mutation]
  1882 | D:2      | Gained mutation: Your flesh is cold resistant. (rC+)
                  | [potion of mutation]
  2045 | D:2      | Reached skill level 4 in Unarmed Combat
  2392 | D:3      | Gained mutation: You have hoof-like feet. [demonic
                  | ancestry]
  2392 | D:3      | Reached XP level 4. HP: 32/34 MP: 4/4
  3045 | D:4      | Found a staircase to the Ecumenical Temple.
  3056 | Temple   | Entered the Ecumenical Temple
  3066 | Temple   | Became a worshipper of Uskayaw the Reveler
  3086 | D:4      | Noticed a phantom
  3103 | D:4      | Reached * piety under Uskayaw
  3415 | D:4      | Reached ** piety under Uskayaw
  3420 | D:4      | Reached XP level 5. HP: 32/41 MP: 5/5
  3420 | D:4      | Reached *** piety under Uskayaw
  3428 | D:4      | Killed a phantom
  3428 | D:4      | Reached skill level 5 in Unarmed Combat
  3467 | D:4      | Found a hazy altar of Hepliaklqana.
  3991 | D:4      | Reached XP level 6. HP: 41/48 MP: 6/6
  4139 | D:4      | Found an ancient bone altar of Kikubaaqudgha.
  4166 | D:4      | Reached **** piety under Uskayaw
  4217 | D:5      | Entered Level 5 of the Dungeon
  4250 | D:5      | Noticed Dowan
  4251 | D:5      | Noticed Duvessa
  4273 | D:5      | Killed Dowan
  4273 | D:5      | Reached skill level 6 in Unarmed Combat
  4319 | D:5      | Killed Duvessa
  4319 | D:5      | Reached XP level 7. HP: 55/55 MP: 7/7
  4372 | D:5      | Noticed a moth of wrath
  4375 | D:5      | Found a bloodstained altar of Trog.
  4976 | D:5      | Reached skill level 5 in Fighting
  4976 | D:5      | Reached skill level 7 in Unarmed Combat
  5121 | D:5      | Got a jewelled chain mail
  5132 | D:5      | Identified the cursed +1 chain mail of the Griffon {rCorr
                  | Dex+3} (You found it on level 5 of the Dungeon)
  5503 | D:6      | Noticed Edmund
  5523 | D:6      | Killed Edmund
  5523 | D:6      | Gained mutation: You regenerate health from kills. [demonic
                  | ancestry]
  5523 | D:6      | Reached XP level 8. HP: 40/63 MP: 8/8
  5545 | D:6      | Found a white marble altar of Elyvilon.
  5547 | D:6      | Found a glowing golden altar of the Shining One.
  5654 | D:6      | Reached skill level 8 in Unarmed Combat
  5754 | D:6      | Found a radiant altar of Vehumet.
  5797 | D:6      | Found Noshyt's Book Boutique.
  6440 | D:7      | Noticed a hippogriff
  6445 | D:7      | Noticed a hippogriff
  6449 | D:7      | Noticed a hippogriff
  6453 | D:7      | Killed a hippogriff
  6455 | D:7      | Reached ***** piety under Uskayaw
  6456 | D:7      | Killed a hippogriff
  6456 | D:7      | Reached skill level 9 in Unarmed Combat
  6458 | D:7      | Killed a hippogriff
  6487 | D:7      | Reached XP level 9. HP: 71/71 MP: 9/9
  6689 | D:7      | Noticed Pikel
  6711 | D:7      | Killed Pikel
  6711 | D:7      | Reached skill level 10 in Unarmed Combat
  6825 | D:7      | Noticed Harold
  6864 | D:7      | Killed Harold
  6864 | D:7      | Reached skill level 11 in Unarmed Combat
  7111 | D:7      | Reached XP level 10. HP: 64/82 MP: 10/10
  7310 | D:7      | Noticed Maggie
  7329 | D:7      | Killed Maggie
  7452 | D:7      | Found a shimmering blue altar of Sif Muna.
  7650 | D:8      | Found Muohatui's Antique Weapon Emporium.
  8618 | D:8      | Found an iron altar of Okawaru.
  8682 | D:9      | Found a flagged portal.
  8701 | D:9      | Found an iron altar of Okawaru.
  8729 | Bailey   | Entered a bailey
  8831 | Bailey   | Reached skill level 12 in Unarmed Combat
  8915 | Bailey   | Noticed an orc knight
  8942 | Bailey   | Killed an orc knight
  8946 | Bailey   | Found a bloodstained altar of Trog.
  9923 | D:10     | Entered Level 10 of the Dungeon
  9989 | D:10     | Reached skill level 10 in Fighting
  9989 | D:10     | Reached XP level 11. HP: 90/90 MP: 11/11
 10004 | D:10     | Reached skill level 1 in Invocations
 10006 | D:10     | Reached ****** piety under Uskayaw
 10191 | D:10     | Reached skill level 13 in Unarmed Combat
 10776 | D:11     | You fall into a shaft and drop 2 floors!
 10799 | D:13     | Found Reaproy's Jewellery Emporium.
 10806 | D:13     | Bought an uncursed amulet of regeneration for 480 gold
                  | pieces
 11268 | D:11     | Reached skill level 5 in Invocations
 11333 | D:11     | You fall into a shaft and drop 2 floors!
 11340 | D:13     | Noticed a six-headed hydra
 11352 | D:12     | Found a staircase to the Orcish Mines.
 11882 | D:11     | Found a transporter.
 11907 | D:11     | Found a one-way gate to the infinite horrors of the Abyss.
 11908 | D:11     | Noticed a thrashing horror
 11919 | D:11     | Noticed Apogee's ghost (journeyman HuBe)
 11921 | D:11     | Noticed a rakshasa
 11926 | D:11     | Found the +3 Elemental Staff {rElec rF++ rC++ MR++ AC+5}
 11935 | D:11     | Found a transporter.
 12047 | D:11     | Reached skill level 14 in Unarmed Combat
 12130 | D:11     | Found a staircase to the Lair.
 12130 | D:11     | Noticed an oklob plant
 12137 | D:11     | Noticed a brown ugly thing
 12140 | D:11     | Killed an oklob plant
 12140 | D:11     | Gained mutation: You sometimes gain a little power by
                  | taking damage. [demonic ancestry]
 12140 | D:11     | Reached XP level 12. HP: 66/100 MP: 16/16
 12681 | Lair:1   | Entered Level 1 of the Lair of Beasts
 13400 | Lair:2   | Found a hole to the Spider Nest.
 13586 | Lair:2   | Noticed an eight-headed hydra
 13590 | Lair:2   | Killed an eight-headed hydra
 14306 | Lair:3   | Noticed a catoblepas
 14318 | Lair:3   | Killed a catoblepas
 14318 | Lair:3   | Reached skill level 15 in Unarmed Combat
 14867 | Lair:4   | Learned a level 5 spell: Blade Hands
 14899 | Lair:4   | Noticed a seven-headed hydra
 14904 | Lair:4   | Killed a seven-headed hydra
 14904 | Lair:4   | Gained mutation: You have hooves in place of feet. [demonic
                  | ancestry]
 14904 | Lair:4   | Reached XP level 13. HP: 67/108 MP: 20/20
 15047 | Lair:4   | Found a staircase to the Swamp.
 15541 | Lair:5   | Reached skill level 10 in Invocations
 15598 | Lair:5   | Found a staircase to the Slime Pits.
 15766 | Lair:5   | Got a crude leather armour
 15777 | Lair:5   | Identified the cursed +1 leather armour of the Invisible
                  | Hand {Harm} (You found it on level 5 of the Lair of Beasts)
 15948 | Lair:5   | Noticed Josephine
 15961 | Lair:5   | Killed Josephine
 15976 | Lair:5   | Reached skill level 1 in Armour
 15976 | Lair:5   | Reached skill level 1 in Spellcasting
 15976 | Lair:5   | Reached skill level 1 in Transmutations
 16724 | Lair:5   | Got a masterwork chain mail
 16735 | Lair:5   | Identified the cursed +1 chain mail "Bisip" {Int+7 Dex+3}
                  | (You found it on level 5 of the Lair of Beasts)
 16951 | Lair:6   | Entered Level 6 of the Lair of Beasts
 17258 | Lair:6   | Noticed an entropy weaver
 17279 | Lair:6   | Killed an entropy weaver
 17279 | Lair:6   | Reached skill level 16 in Unarmed Combat
 17291 | Lair:6   | Noticed an entropy weaver
 17324 | Lair:6   | Killed an entropy weaver
 17336 | Lair:6   | Gained mutation: You sometimes gain power by taking damage.
                  | [demonic ancestry]
 17336 | Lair:6   | Reached XP level 14. HP: 109/116 MP: 19/22
 17770 | Lair:6   | Found a large runed translucent door.
 17771 | Lair:6   | Found a large runed translucent door.
 19170 | D:13     | Found Peozatyr's Gadget Shop.
 19290 | D:13     | Found Vosaz's Antique Weapon Boutique.
 19840 | D:14     | Found a gate to the Vaults.
 19851 | D:14     | Reached skill level 5 in Dodging
 20250 | D:11     | Noticed Snorg
 20268 | D:11     | Killed Snorg
 20957 | D:15     | Entered Level 15 of the Dungeon
 20998 | D:15     | Found a transporter.
 21001 | D:15     | Noticed Murorgh's ghost (journeyman DDFi)
 21018 | D:15     | Found the +9 scales of the Dragon King {rPois rF+ rC+ MR+}
 21029 | D:15     | Reached XP level 15. HP: 76/124 MP: 23/23
 21108 | D:15     | Found a flickering gateway to a bazaar.
 21120 | Bazaar   | Entered a bazaar
 21120 | Bazaar   | Found Affebaup's Distillery.
 21163 | Bazaar   | Found Aphearr's Antique Weapon Emporium.
 21174 | Bazaar   | Found Pupeum's General Store.
 21182 | Bazaar   | Found Col Vajo's Gadget Boutique.
 21193 | Bazaar   | Found Seedis's Antique Armour Emporium.
 21219 | Bazaar   | Bought a runed helmet for 180 gold pieces
 21317 | D:15     | Found a staircase to the Depths.
 21486 | D:15     | Reached skill level 5 in Transmutations
 21519 | D:15     | Found a transporter.
 21527 | D:15     | Reached skill level 5 in Armour
 21824 | D:15     | Reached skill level 5 in Spellcasting
 22125 | D:11     | Killed Apogee's ghost
 22499 | Orc:1    | Entered Level 1 of the Orcish Mines
 22502 | Orc:1    | Noticed Erica
 22543 | Orc:1    | Killed Erica
 22668 | Orc:1    | Reached skill level 17 in Unarmed Combat
 22978 | Orc:2    | Entered Level 2 of the Orcish Mines
 23028 | Orc:2    | Found Cefousk's Weapon Shop.
 23031 | Orc:2    | Found a staircase to the Elven Halls.
 23083 | Orc:2    | Found a gate leading to a gauntlet.
 23092 | Gauntlet | Entered a Gauntlet
 23092 | Gauntlet | Found a transporter.
 23092 | Gauntlet | Found a runed translucent door.
 23092 | Gauntlet | Found a transporter.
 23101 | Gauntlet | Found a transporter.
 23104 | Gauntlet | Found a transporter.
 23115 | Gauntlet | Found a transporter.
 23116 | Gauntlet | Found a transporter.
 23124 | Gauntlet | Found a transporter.
 23140 | Gauntlet | Found a transporter.
 23154 | Gauntlet | Found a transporter.
 23158 | Gauntlet | Found a transporter.
 23166 | Gauntlet | Found a transporter.
 23170 | Gauntlet | Found a transporter.
 23174 | Gauntlet | Found a runed translucent door.
 23479 | Gauntlet | Identified the +3 plate armour of Dim Light {rN+ Int+3}
 23577 | Orc:2    | Found a roughly hewn altar of Beogh.
 23845 | Orc:2    | Found Gutt's Distillery.
 23845 | Orc:2    | Found Foyst's Armour Boutique.
 23847 | Orc:2    | Found Lol Xeod's Gadget Shop.
 23849 | Orc:2    | Found Haurah's Armour Emporium.
 23925 | Orc:2    | Bought a +1 helmet of see invisible for 264 gold pieces
 23925 | Orc:2    | Bought the +5 ring mail of the Black Moon {rC+ Dex+3} for
                  | 788 gold pieces
 24295 | Swamp:1  | Entered Level 1 of the Swamp
 24910 | Swamp:1  | Paralysed by a hornet for 1 turns
 25785 | Swamp:2  | Gained mutation: You are partially covered in icy blue
                  | scales. (AC +2) [demonic ancestry]
 25785 | Swamp:2  | Reached XP level 16. HP: 124/132 MP: 15/25
 26712 | Swamp:3  | Noticed Louise
 26741 | Swamp:3  | Killed Louise
 27184 | Swamp:4  | Entered Level 4 of the Swamp
 27197 | Swamp:4  | Gained mutation: You are dopey. (Int -2) [mutagenic glow]
 27504 | Swamp:4  | Noticed a thorn hunter
 27517 | Swamp:4  | Found a basalt altar of Yredelemnul.
 27542 | Swamp:4  | Killed a thorn hunter
 27553 | Swamp:4  | Got a decaying rune of Zot
 27580 | Swamp:4  | Found a blossoming altar of Fedhas.
 27599 | Swamp:4  | Reached skill level 10 in Transmutations
 27603 | Swamp:4  | Reached skill level 10 in Spellcasting
 27844 | Swamp:4  | Gained mutation: You are mostly covered in icy blue scales.
                  | (AC +3) [demonic ancestry]
 27844 | Swamp:4  | Reached XP level 17. HP: 121/138 MP: 31/31
 28529 | Spider:1 | Entered Level 1 of the Spider Nest
 28705 | Spider:1 | Found a transporter.
 28732 | Spider:1 | Found a transporter.
 28732 | Spider:1 | Noticed Taerut Lebb's ghost (journeyman DDFi)
 29218 | Spider:1 | Found the +5 robe of Misfortune {*Contam Harm *Corrode
                  | *Drain *Slow EV+5}
 29940 | Spider:1 | Killed Taerut Lebb's ghost
 29960 | Spider:1 | Got a jewelled helmet
 29962 | Spider:1 | Got a scorched platinum ring
 29969 | Spider:1 | Identified the ring "Athrulodi" {rC+ rN+ Int+3 Dex+3} (You
                  | found it on level 1 of the Spider Nest)
 29972 | Spider:1 | Identified the +1 helmet of the Pirate {*Slow rN++ Regen+}
                  | (You found it on level 1 of the Spider Nest)
 30367 | D:15     | Killed Murorgh's ghost
 30861 | Spider:2 | Reached skill level 1 in Stealth
 32978 | Spider:4 | Entered Level 4 of the Spider Nest
 32987 | Spider:4 | Noticed Arachne
 33051 | Spider:4 | Noticed Kirke
 33055 | Spider:4 | Paralysed by a hornet for 1 turns
 33234 | Spider:4 | Killed Kirke
 33343 | Spider:3 | Killed Arachne
 33343 | Spider:3 | Gained mutation: You are completely covered in icy blue
                  | scales. (AC +4, rC+) [demonic ancestry]
 33343 | Spider:3 | Reached XP level 18. HP: 85/146 MP: 32/32
 34006 | Spider:4 | Got a smoking mace
 34007 | Spider:4 | Identified the +9 mace "Tubbo" {pain, MP+9 Int+4 Dex-5
                  | Stlth+} (You found it on level 4 of the Spider Nest)
 34094 | Spider:4 | Reached skill level 18 in Unarmed Combat
 34359 | Spider:4 | Got a gossamer rune of Zot
 34864 | Vaults:1 | Entered Level 1 of the Vaults
 35269 | Vaults:1 | Reached XP level 19. HP: 138/153 MP: 30/34
 35362 | Vaults:1 | Reached skill level 5 in Stealth
 35389 | Vaults:1 | Found Vizul's Gadget Shop.
 35922 | Vaults:1 | Got a brightly glowing scale mail
 35923 | Vaults:1 | Identified the +6 scale mail of the Solstice {+Blink
                  | Slay+2} (You found it on level 1 of the Vaults)
 36794 | Vaults:3 | Reached skill level 15 in Invocations
 36918 | Vaults:3 | Reached skill level 15 in Fighting
 37232 | Vaults:3 | Found Zylat's Magic Scroll Emporium.
 37240 | Vaults:3 | Bought a scroll of fear for 73 gold pieces
 37314 | Vaults:3 | Noticed Frederick
 37322 | Vaults:3 | Killed Frederick
 37403 | Vaults:3 | Gained mutation: You regenerate a lot of health from kills.
                  | [demonic ancestry]
 37403 | Vaults:3 | Reached XP level 20. HP: 156/162 MP: 30/36
 37411 | Vaults:3 | Reached skill level 19 in Unarmed Combat
 37503 | Vaults:3 | Found a staircase to the Crypt.
 38604 | Vaults:4 | Reached skill level 10 in Dodging
 38934 | Vaults:5 | Entered Level 5 of the Vaults
 38934 | Vaults:5 | Noticed a golden dragon
 38955 | Vaults:5 | Killed a golden dragon
 38998 | Vaults:5 | Reached XP level 21. HP: 169/169 MP: 37/37
 39044 | Vaults:5 | HP: 6/169 [phantasmal warrior (14)]
 39320 | Vaults:5 | Noticed Boris
 39331 | Vaults:5 | Killed Boris
 39331 | Vaults:5 | Reached skill level 10 in Armour
 39363 | Vaults:5 | Noticed a golden dragon
 39376 | Vaults:5 | Killed a golden dragon
 40011 | Vaults:5 | Noticed Mara
 40019 | Vaults:5 | Noticed Alarkh's illusion
 40026 | Vaults:5 | Killed Mara
 40026 | Vaults:5 | Reached skill level 20 in Unarmed Combat
 40076 | Vaults:5 | Identified the cursed +1 scale mail "Qedyved" {Slay+2} (You
                  | found it on level 5 of the Vaults)
 40078 | Vaults:5 | Identified the +2 robe of Resilience {-Cast rPois rCorr
                  | Slay+5} (You found it on level 5 of the Vaults)
 40341 | Vaults:5 | Noticed an ancient lich
 40345 | Vaults:5 | Killed an ancient lich
 40345 | Vaults:5 | Gained mutation: Your magical and physical power is
                  | slightly enhanced at high health. [demonic ancestry]
 40345 | Vaults:5 | Reached XP level 22. HP: 174/178 MP: 34/39
 40480 | Vaults:5 | Found Weiras's General Store.
 40509 | Vaults:5 | Identified the Collected Works on Congealing Stolen Souls
 40517 | Vaults:5 | Bought a scroll of blinking for 150 gold pieces
 40517 | Vaults:5 | Bought 2 scrolls of teleportation for 120 gold pieces
 40644 | Vaults:5 | Got a silver rune of Zot
 40776 | Vaults:5 | Found Gorhule's General Store.
 40907 | Vaults:5 | Identified the +8 quick blade of Fatim {vorpal, rF++} (You
                  | found it on level 5 of the Vaults)
 41284 | Elf:1    | Entered Level 1 of the Elven Halls
 41403 | Elf:1    | Found Olop's Gadget Emporium.
 41503 | Elf:1    | Identified the +3 kite shield of the Thirteen Knives {rElec
                  | rF++ rC+ Dex-5}
 41503 | Elf:1    | Noticed Donald
 41524 | Elf:1    | Killed Donald
 41660 | Elf:1    | Reached skill level 1 in Shields
 42128 | Elf:2    | Noticed Azrael
 42141 | Elf:2    | Killed Azrael
 42263 | Elf:2    | Reached skill level 5 in Shields
 42723 | Elf:2    | Found a runed translucent gate.
 42723 | Elf:2    | Found a runed translucent gate.
 42723 | Elf:2    | Found a runed translucent gate.
 43183 | Elf:3    | Entered Level 3 of the Elven Halls
 43204 | Elf:3    | Found a transporter.
 43206 | Elf:3    | Found a transporter.
 43206 | Elf:3    | Noticed Ruet's ghost (adept CeHu)
 43785 | Elf:3    | Identified Kois's Disquisition on Combat Magic and
                  | Summoning
 43818 | Elf:3    | Cast into level 2 of the Abyss (a deep elf demonologist)
 43833 | Abyss:2  | Found a bloodstained altar of Trog.
 44028 | Elf:3    | Escaped the Abyss
 44037 | Elf:3    | Reached skill level 10 in Shields
 44065 | Elf:3    | Gained mutation: Your magical and physical power is
                  | enhanced at high health. [demonic ancestry]
 44065 | Elf:3    | Reached XP level 23. HP: 180/184 MP: 40/40
 44250 | Elf:3    | Identified the ring of Past Mistakes {+Fly rC+ EV+4 Slay-2
                  | Stlth+}
 44267 | Elf:3    | Identified the cursed +0 trident of Mucke {flame, Dex+4}
 44410 | Elf:3    | Identified the cursed +1 hand axe of Discretion {protect,
                  | +Inv Int+6}
 44410 | Elf:3    | Identified the ring of Omyluxku {rN+ MR+ Str+4 Dex+4}
 44435 | Elf:3    | Identified the Incunabulum of Damaging Weightlessness
 44437 | Elf:3    | Identified Sif Muna's Grimoire of Frigorific Air
 44461 | Elf:3    | Identified Fugisat's Tome of the Traveller and Companions
 44497 | Elf:3    | Learned a level 6 spell: Statue Form
 44985 | Crypt:1  | Entered Level 1 of the Crypt
 45091 | Crypt:1  | Reached skill level 1 in Earth Magic
 45120 | Crypt:1  | Noticed a greater mummy
 45130 | Crypt:1  | Killed a greater mummy
 45138 | Crypt:1  | Found a basalt altar of Yredelemnul.
 45199 | Crypt:1  | Noticed a greater mummy
 45210 | Crypt:1  | Noticed a greater mummy
 45214 | Crypt:1  | Killed a greater mummy
 45219 | Crypt:1  | Killed a greater mummy
 45410 | Crypt:1  | Found the +7 sceptre of Torment {pain, torment}
 45541 | Crypt:1  | Found the +3 giant club "Skullcrusher" {speed, Str+7}
 46220 | Crypt:2  | Reached skill level 5 in Earth Magic
 46642 | Crypt:2  | Noticed Jory
 46660 | Crypt:2  | Killed Jory
 46721 | Crypt:3  | Entered Level 3 of the Crypt
 46721 | Crypt:3  | Noticed Khufu
 46721 | Crypt:3  | Noticed a greater mummy
 46721 | Crypt:3  | Noticed a greater mummy
 46721 | Crypt:3  | Noticed a greater mummy
 46946 | Crypt:3  | Reached XP level 24. HP: 133/191 MP: 40/40
 47264 | Crypt:3  | Found a staircase to the Tomb.
 47377 | Crypt:3  | Killed a greater mummy
 47671 | Crypt:3  | Found an ancient bone altar of Kikubaaqudgha.
 47866 | Crypt:3  | Noticed an ancient lich
 47866 | Crypt:3  | Noticed an ancient lich
 47874 | Crypt:3  | Killed an ancient lich
 47875 | Crypt:3  | Killed an ancient lich
 47900 | Crypt:3  | Got a flickering lead ring
 47900 | Crypt:3  | Got a sparkling wooden ring
 47900 | Crypt:3  | Got a slimy steel ring
 47901 | Crypt:3  | Identified the ring "Meafaf" {rN+ MR+ Str+3} (You found it
                  | on level 3 of the Crypt)
 47902 | Crypt:3  | Identified the ring of Qazlal's Pride {rElec rN+ MR- Str+8}
                  | (You found it on level 3 of the Crypt)
 47903 | Crypt:3  | Identified the ring "Xynamem" {rN+ Dex+2} (You found it on
                  | level 3 of the Crypt)
 48709 | Crypt:3  | Got a masterwork demon blade
 48710 | Crypt:3  | Identified the +6 demon blade of Ashenzari's Approval
                  | {flame, +Inv Int+8} (You found it on level 3 of the Crypt)
 48786 | Crypt:3  | Identified the cursed +0 eveningstar "Cazuw" {pain, +Fly
                  | rElec rF+ Str+4} (You found it on level 3 of the Crypt)
 49206 | Depths:1 | Entered Level 1 of the Depths
 49206 | Depths:1 | Found Fateodehi's Armour Boutique.
 49348 | Depths:1 | Found a gateway to Hell.
 49589 | Depths:1 | Found Niqogh's Jewellery Boutique.
 49589 | Depths:1 | Found Riarrase's Gadget Emporium.
 49592 | Depths:1 | Found Wacauv's Gadget Emporium.
 49727 | Depths:1 | Noticed the Enchantress
 49733 | Depths:1 | Killed the Enchantress
 49764 | Depths:1 | Found Doavveng's Weapon Shoppe.
 49767 | Depths:1 | Found Asax's Weapon Emporium.
 49770 | Depths:1 | Found Oskagywn's Assorted Antiques.
 49813 | Depths:1 | Bought a glowing helmet for 277 gold pieces
 49829 | Depths:1 | Found a burning altar of Makhleb.
 49873 | Depths:1 | Found a gateway to a ziggurat.
 50279 | Depths:2 | Found a magical portal.
 50288 | WizLab   | Entered The Hall of the Hellbinder
 50305 | WizLab   | Reached skill level 10 in Earth Magic
 50331 | WizLab   | Reached XP level 25. HP: 197/197 MP: 41/41
 50388 | WizLab   | Found a burning altar of Makhleb.
 50394 | WizLab   | Reached skill level 15 in Shields
 50422 | WizLab   | Got a flickering turquoise ring
 50423 | WizLab   | Identified the ring of Reimbursement {MP+9 Stlth+} (You
                  | found it in a wizard's laboratory)
 50459 | WizLab   | Identified the Disquisition on the Escort
 50742 | Hell     | Entered the Vestibule of Hell
 50742 | Hell     | Noticed Geryon
 50765 | Hell     | HP: 8/256 [reaper/+2 scythe of flaming (35)]
 50765 | Hell     | Slain by a hell beast

Illustrated notes

Levels and vault maps discovered:
D:1:      sevenhm_arrival_forest_fort_large_3, layout_basic, item_on_display_a
D:2:      layout_basic, nicolae_ru_path_of_blood, marbit_many_paths
D:3:      layout_rooms
D:4:      kennysheep_slugbush, layout_cave_pools,
          nicolae_overflow_crystal_walls, kennysheep_vampire_church,
          minmay_temple_entry_trees
D:5:      layout_loops_ring, tgw_trog, uniq_duvessa
D:6:      layout_basic, fiery_altar_vehumet,
          chequers_temple_overflow_statue_of_worship, serial_shops, shop,
          grunt_decor_mini_mirrors, small_statue_intersection,
          minmay_misc_feat_diagonals, uniq_edmund
D:7:      layout_gridville, lemuel_blue_sif_altar, minmay_fractal_squares_5,
          uniq_pikel, uniq_harold, uniq_maggie
D:8:      layout_rooms, kennysheep_little_box, serial_shops, shop
D:9:      layout_loops_ring, enter_bailey_2, okawaru_ov_weapons_minmay
D:10:     layout_basic, kennysheep_generic_room_4
D:11:     layout_basic, dpeg_oklobed_lair, gammafunk_ghost_abyssal_escape,
          uniq_snorg
D:12:     layout_basic, david_orc_3, serial_corexii_hall,
          corexii_hall_statues_x, corexii_hall_statues_l
D:13:     layout_rooms, serial_shops, shop, shop_fountains, shop_fountains,
          grunt_ogre_cave, einodemon_crawler_minivault
D:14:     layout_basic, lightli_vaults_fourway_checkpoint, minivault_25
D:15:     grunt_enter_depths_snipers, layout_stronghold, gammafunk_ghost_arena,
          serial_shops, bzr_entry_gold, minmay_misc_feat_columns,
          chequers_serial_rivers_micro_d
Temple:   nicolae_temple_no_exploring_needed
Lair:1:   layout_gridlike, chequers_serial_rivers_room_a
Lair:2:   layout_misc_corridors, nicolae_spider_entry_orb_guardian
Lair:3:   layout_regular_city, grunt_megastairs_2, serial_bayou_shore_a
Lair:4:   layout_layer_cave, swamp_mist, grunt_megastairs_3
Lair:5:   layout_loops_ring, minmay_slime_entry_oklob_open, minmay_hedge_maze,
          uniq_josephine
Lair:6:   cheibrodos_lair_end_hotspot, layout_small_grid, minivault_29
Swamp:1:  layout_falls_marsh, hangedman_swamp_ruin_hall
Swamp:2:  layout_basic_swamp, hangedman_swamp_blocks
Swamp:3:  layout_basic_swamp, evilmike_swamp_ruin_house_1, uniq_louise
Swamp:4:  byrel_swamp_growth_death_and_undeath, layout_basic_swamp, swamp_pool1
Spider:1: layout_spider_delve, gammafunk_ghost_berserking_beasts, drop_trap,
          nicolae_spider_webs_and_nodes
Spider:2: layout_chambers
Spider:3: layout_spider_delve, special_room [special_room_bee],
          hangedman_spider_mandibles, guppyfry_spider_mini_3
Spider:4: grunt_spider_rune_circles, worms_lemuel, uniq_arachne, uniq_kirke
Orc:1:    layout_caves, uniq_erica
Orc:2:    st_orc_rangers, layout_diamond_mine, gauntlet_entry_generic,
          serial_shops, shop, basic_altar
Elf:1:    minmay_elf_arrival_circle, layout_geoelf_diagonals, serial_shops,
          shop, kennysheep_underground_church, uniq_donald
Elf:2:    layout_loops_corners, uniq_azrael
Elf:3:    elf_hall, layout_geoelf_diagonals, gammafunk_ghost_arena, hex_tiny,
          minmay_elf_sorcery
Vaults:1: ontoclasm_vaults_gallery, hangedman_vaults_impose,
          hangedman_vaults_river_flow, nicolae_vaults_big_ls,
          hangedman_vaults_stagger, v_misc_29, vaults_mumra_hexcomb, v_misc_5,
          ontoclasm_vaults_ligature, v_misc_17, layout_vaults_maze_snakey,
          serial_shops, shop
Vaults:2: vaults_dpeg_cross, vaults_room_boxed, nicolae_vaults_holding_cells,
          nicolae_vaults_border_crossing, nicolae_vaults_diagonal_hallway_6,
          nicolae_vaults_network_periphery, nicolae_vaults_yaktaur_gun_rack,
          vaults_dpeg_hooks, layout_vaults_ring
Vaults:3: minmay_crypt_entry_simple_statues, grunt_vaults_focal,
          hangedman_vaults_hat, nicolae_vaults_ring_of_whatevers,
          vaults_dpeg_diagonal, hangedman_vaults_slice, vaults_room_semicircle,
          vaults_mumra_minichess, nicolae_vaults_triangles, vaults_room_corners,
          vaults_room_fancy_cross, vaults_room_hallway,
          vaults_mumra_minichess_inversion, hangedman_vaults_impose,
          layout_vaults_omnibox, serial_shops, nicolae_shop_trees,
          uniq_frederick
Vaults:4: hangedman_vaults_unwind, v_misc_18, nicolae_vaults_big_angled_halls,
          nicolae_vaults_circle_grid_b, v_misc_12, v_misc_5,
          nicolae_vaults_little_squares_5, v_misc_18, hangedman_vaults_slice,
          serial_ice_b, vaults_dpeg_encased_lava, layout_vaults_big_cross
Vaults:5: uniq_mara, uniq_boris
Crypt:1:  minmay_guarded_unrand_sceptre_of_torment, layout_rooms, basic_altar,
          minmay_guarded_unrand_skullcrusher, grunt_crypt_arrival_split
Crypt:2:  layout_gridlike, feat_on_display, uniq_jory
Crypt:3:  evilmike_haunted_forest, uniq_khufu
Depths:1: kennysheep_big_flooded_room, layout_long_grid, enter_ziggurat_a,
          pf_hell_entry_great_geh, old_standard_altar, serial_shops,
          shop_statue, shop, shop, nicolae_shop_statue_plus,
          nrook_kobold_shadow_demons, minmay_shop_grove, uniq_enchantress
Depths:2: lemuel_flame_loot_2, layout_cave_pools, lightli_too_deep,
          moated_statue, mu_enter_wizlab_3, minmay_misc_feat_x,
          infiniplex_staircase_diamond
Hell

Skill      XL: |  1  2  3  4  5  6  7  8  9 10 11 12 13 14 15 16 17 18 19 20 21 22 23 24 25 |
---------------+----------------------------------------------------------------------------+-----
Unarmed Combat | 3 4 5 6 7 9 11 12 14 15 16 17 18 19 20 | 20.3
Throwing       | 2 |  2.0
Fighting       | 3 4 5 6 8 10 11 12 13 14 15 16 | 16.2
Invocations    | 6 9 10 11 12 13 14 15 16 17 | 17.1
Dodging        | 4 5 6 7 8 9 10 11 | 11.3
Armour         | 2 4 5 7 8 9 10 | 10.9
Spellcasting   | 2 4 6 10 11 12 13 14 | 14.6
Transmutations | 2 4 6 10 11 12 13 14 | 14.6
Stealth        | 2 4 6 7 9 |  9.7
Shields        | 10 13 14 15 | 15.0
Earth Magic    | 6 10 | 10.8

Action                   |  1- 3 |  4- 6 |  7- 9 | 10-12 | 13-15 | 16-18 | 19-21 | 22-24 | 25-27 || total
-------------------------+-------+-------+-------+-------+-------+-------+-------+-------+-------++-------
Melee: Unarmed           |    96 |   184 |   345 |   885 |  1418 |  1334 |   907 |  1780 |    83 ||  7032
       Punch             |     3 |     7 |     8 |    59 |   103 |   101 |    85 |    20 |       ||   386
       Kick              |    14 |    46 |    98 |   234 |   435 |   394 |   313 |   617 |    24 ||  2175
       Bite              |     1 |    14 |    41 |   102 |   167 |   148 |   105 |   231 |    17 ||   826
 Cast: Blade Hands       |       |       |       |       |     3 |    53 |    63 |    17 |       ||   136
       Statue Form       |       |       |       |       |       |       |       |     6 |     2 ||     8
Invok: Stomp             |       |       |       |       |     4 |       |       |     5 |     2 ||    11
       Grand Finale      |       |       |       |       |       |       |       |     1 |       ||     1
       Line Pass         |       |       |       |       |       |       |       |       |     2 ||     2
 Abil: Evoke Flight      |       |       |       |       |     2 |     2 |       |     1 |       ||     5
Evoke: Wand              |       |       |       |       |    10 |       |       |     2 |       ||    12
  Use: Potion            |     1 |     6 |     1 |     5 |     8 |     4 |     4 |     3 |       ||    32
       Scroll            |       |       |    10 |    13 |    13 |    10 |     7 |    20 |     1 ||    74
 Stab: Paralysed         |       |     2 |    11 |    52 |   124 |   116 |    96 |   159 |    18 ||   578
       Petrified         |       |       |       |       |     2 |       |       |       |       ||     2
       Invisible         |       |       |       |       |     3 |     4 |     1 |       |       ||     8
       Sleeping          |       |       |       |       |       |     1 |     7 |     7 |       ||    15
       Distracted        |       |       |       |       |       |       |       |     1 |       ||     1
       Petrifying        |       |       |       |       |       |       |       |     1 |       ||     1
Armor: Leather armour    |    35 |    70 |    17 |       |       |       |       |       |       ||   122
       Skin              |       |    26 |     1 |     8 |    30 |       |       |    54 |    48 ||   167
       Chain mail        |       |       |   108 |    14 |       |       |       |       |       ||   122
       Acid dragon scale |       |       |       |   236 |   457 |   803 |    31 |    10 |    12 ||  1549
       Scale mail        |       |       |       |       |       |       |   254 |   395 |       ||   649
Dodge: Dodged            |    57 |   138 |   190 |   631 |  1060 |  1399 |   514 |   692 |   149 ||  4830
Block: Kite shield       |       |       |       |       |       |       |       |   862 |   122 ||   984

Table legend: (Time is in decaauts)
 A = Elapsed time spent in this place.
 B = Non-inter-level travel time spent in this place.
 C = Inter-level travel time spent in this place.
 D = Time resting spent in this place.
 E = Time spent auto-exploring this place.
 F = Levels seen in this place.
 G = Mean time per level.
                   A        B        C        D        E       F      G
               +--------+--------+--------+--------+--------+-----+--------+
         Total |  49270 |  43884 |   5386 |   4394 |  27799 |  51 |  966.1 |
       Dungeon |  16486 |  14281 |   2205 |   1870 |   9518 |  15 | 1099.1 |
        Temple |     17 |      5 |     12 |      0 |      4 |   1 |   17.0 |
          Lair |   6576 |   5562 |   1014 |    443 |   3869 |   6 | 1096.0 |
         Swamp |   4208 |   3903 |    305 |    511 |   2411 |   4 | 1052.0 |
   Spider Nest |   5334 |   4833 |    501 |    618 |   3086 |   4 | 1333.5 |
  Orcish Mines |   1181 |   1101 |     80 |      0 |    701 |   2 |  590.5 |
   Elven Halls |   3084 |   2821 |    263 |     17 |   1722 |   3 | 1028.0 |
        Vaults |   6062 |   5496 |    566 |    229 |   3540 |   5 | 1212.4 |
         Crypt |   3796 |   3502 |    294 |    564 |   1756 |   3 | 1265.3 |
        Depths |   1226 |   1082 |    144 |      0 |    654 |   2 |  613.0 |
          Hell |     25 |     25 |      0 |      0 |      0 |   1 |   25.0 |
         Abyss |    198 |    198 |      0 |      0 |    133 |   1 |  198.0 |
        Bazaar |    112 |    112 |      0 |      0 |     89 |   1 |  112.0 |
        Bailey |    228 |    228 |      0 |     69 |     31 |   1 |  228.0 |
        Wizlab |    295 |    295 |      0 |      0 |    128 |   1 |  295.0 |
      Gauntlet |    436 |    436 |      0 |     72 |    154 |   1 |  436.0 |
               +--------+--------+--------+--------+--------+-----+--------+

Top non-repeatable levels by time:
 Crypt:3: 1909 daAuts
  Lair:6: 1677 daAuts
Spider:3: 1664 daAuts
    D:15: 1659 daAuts
Vaults:5: 1655 daAuts
     D:7: 1570 daAuts
Spider:1: 1523 daAuts
  Lair:5: 1499 daAuts
     D:2: 1428 daAuts
    D:11: 1349 daAuts
Vaults:3: 1309 daAuts
 Swamp:4: 1269 daAuts
   Elf:3: 1265 daAuts
    D:14: 1261 daAuts
Spider:2: 1166 daAuts
